 Dungeon Crawl Stone Soup version 0.29.1-15-g9cfb28693d (webtiles) character file.

Game seed: 11618749665172958464

186 jtron the Caller (level 5, -1/57 HPs)
             Began as a Gnoll Wanderer on Feb 27, 2023.
             Was a Follower of Uskayaw.
             Succumbed to an orc's poison
             ... on level 3 of the Dungeon.
             The game lasted 00:10:02 (3398 turns).

jtron the Caller (Gnoll Wanderer)                   Turns: 3398, Time: 00:10:03

Health: -1/57      AC: 22    Str:  9 (11) XL:     5   Next: 66%
Magic:  6/9        EV:  2    Int: 13 (15) God:    Uskayaw [*.....]
Gold:   178        SH:  0    Dex: 14 (16) Spells: 7/10 levels left

rFire   . . .      SeeInvis .   a - +1 dagger (drain)
rCold   . . .      Faith    .   (no shield)
rNeg    . . .      Spirit   .   (body armour currently unavailable)
rPois   +          Reflect  .   (helmet currently unavailable)
rElec   .          Harm     .   (cloak currently unavailable)
rCorr   .          Rampage  .   (gloves currently unavailable)
Will    .....      NoTele   +   (boots currently unavailable)
Stlth   ++........              n - amulet of the acrobat
HPRegen 0.19/turn               q - +6 ring of dexterity
MPRegen 0.11/turn               (no ring)

@: lethally poisoned (-1 -> -8), tree-form, acrobatic
A: stationary, stasis, torment immunity, boosted hp, (fangs 1), strong nose,
distributed training
a: Renounce Religion, Stomp


You were on level 3 of the Dungeon.
You worshipped Uskayaw.
Uskayaw was noncommittal.
You were a tree.
You visited 1 branch of the dungeon, and saw 3 of its levels.

You collected 178 gold pieces.

Inventory:

Hand Weapons
 a - a +1 dagger of draining (weapon)
 b - a +0 sling
 e - a +0 club
Missiles
 h - 6 boomerangs (quivered)
 p - 6 poisoned darts
Armour
 c - a +0 robe (melded)
 d - a +0 cloak (melded)
 k - a +0 pair of boots (melded)
Jewellery
 j - an amulet of guardian spirit
 n - an amulet of the acrobat (around neck)
 q - a +6 ring of dexterity (left branch)
Scrolls
 g - a scroll of poison {unknown}
 i - a scroll of vulnerability
 m - 3 scrolls of identify {unknown}
 s - a scroll of noise {unknown}
 t - 2 scrolls of amnesia {unknown}
 u - a scroll of immolation {unknown}
Potions
 o - a potion of flight


   Skills:
 + Level 1.6 Fighting
 + Level 1.6 Short Blades
 + Level 1.6 Long Blades
 + Level 1.6 Axes
 + Level 1.6 Maces & Flails
 + Level 1.6 Polearms
 + Level 1.6 Staves
 + Level 1.6 Ranged Weapons
 + Level 3.1 Throwing
 + Level 1.6 Armour
 + Level 1.6 Dodging
 + Level 2.9 Stealth
 + Level 1.6 Shields
 + Level 1.6 Unarmed Combat
 + Level 3.2 Spellcasting
 + Level 5.6 Conjurations
 + Level 1.3 Hexes
 + Level 7.2 Summonings
 + Level 1.3 Necromancy
 + Level 1.3 Translocations
 + Level 1.3 Transmutations
 + Level 1.3 Fire Magic
 + Level 1.3 Ice Magic
 + Level 1.3 Air Magic
 + Level 1.3 Earth Magic
 + Level 1.3 Poison Magic
 + Level 1.9 Invocations
 + Level 1.6 Evocations


You had 7 spell levels left.
You knew the following spells:

 Your Spells              Type           Power      Damage    Failure   Level
a - Summon Small Mammal   Summ           80%        N/A       1%          1
b - Call Imp              Summ           20%        N/A       1%          2

Your spell library contained the following spells:

 Spells                   Type           Power      Damage    Failure   Level
 Foxfire                  Conj/Fire      44%        2x1d6     5%          1
 Summon Guardian Golem    Hex/Summ       13%        N/A       12%         3
 Stone Arrow              Conj/Erth      22%        3d8       16%         3
 Mephitic Cloud           Conj/Pois/Air  9%         N/A       22%         3
 Ignite Poison            Fire/Tmut/Pois 5%         N/A       36%         3
 Anguish                  Hex/Necr       2%         N/A       78%         4
 Freezing Cloud           Conj/Ice/Air   4%         6-21      90%         5
 Enfeeble                 Hex            2%         N/A       100%        7


Dungeon Overview and Level Annotations

Branches:
Dungeon (3/15)

Altars:
Cheibriados
Okawaru
Uskayaw


Innate Abilities, Weirdness & Mutations

You are a tree.
Your roots penetrate the ground, keeping you stationary.
You cannot be teleported.
You are immune to unholy pain and torment.
Your maximum health is greatly increased.
Your equipment is partially melded.
((You have very sharp teeth.))
Your uncanny sense of smell can sniff out nearby items.
Your experience applies equally to all skills.


Message History

The orc wizard is severely wounded.
The orc wizard hits you but does no damage.
You closely miss the orc wizard.
You bite the orc wizard, but do no damage.
The orc wizard is severely wounded.
The orc wizard closely misses you.
You closely miss the orc wizard.
The orc wizard is severely wounded.
The orc wizard barely misses you.
You completely miss the orc wizard.
The orc wizard is severely wounded.
You closely miss the orc wizard.
The orc wizard is severely wounded.
The orc wizard gestures at you while chanting.
You resist with some effort.
The orc hits you from afar with a +2 trident of venom.
You are poisoned.
You feel sick.
The orc hits you with a +2 trident of venom.
* * * LOW HITPOINT WARNING * * *
You are lethally poisoned!
The orc wizard completely misses you.
You can no longer pass through a line of other dancers.
You stomp with the beat, sending a shockwave through the revellers around you!
You kill the orc wizard!
You kill the orc!
You can no longer stomp with the beat.
* * * LOW HITPOINT WARNING * * *
You feel very sick.
You can now stomp with the beat.
* * * LOW HITPOINT WARNING * * *
You feel very sick.
Things that are here:
a +2 trident of venom; a +0 scale mail; a scroll labelled FADUAN GUFFOE It was a potion of lignification.
You turn into a tree.
Your +0 cloak melds into your body.
Your +0 pair of boots melds into your body.
Your +0 robe melds into your body.
Your roots penetrate the ground.
* * * LOW HITPOINT WARNING * * *
You feel sick.
You die...

#.#...##.##.##..#.#.##.
#.#....#.##.#.....#.##.
#.#.#..#............##.
#.#.#..# #.#.......##.
#.#.w..# #.#..........
#.###..# #.##.####.#..
#. #..# #.##.# #.....
#..####.##.###.#...
#.###.♣............#...
#.....)....<##.....#...
######.#######..#######
#....####.....#...
#)...(.##†.##.#..#
#..###.....(..#..# #..#
#..#..##....#
##.###.##<.#####.#
#.....##..## #.#


You could see a worm (wandering).

Vanquished Creatures
  An iron imp (D:3)
  An orc wizard (D:3)
  4 adders (D:3)
  3 dart slugs
  3 orcs (D:3)
  2 bats
  3 endoplasms
  6 giant cockroaches
  9 goblins
  6 hobgoblins (D:3)
  2 jackals (D:3)
  3 kobolds
  3 quokkas
  6 ball pythons
  3 frilled lizards
  3 rats
58 creatures vanquished.

Vanquished Creatures (collateral kills)
  An adder (D:2)
  A dart slug (D:2)
  A ball python (D:1)
  2 endoplasms (D:1)
  A giant cockroach (D:1)
  4 goblins
  2 hobgoblins
  A kobold (D:1)
  A bat (D:1)
14 creatures vanquished.

Grand Total: 72 creatures vanquished

Notes
Turn   | Place    | Note
-------+----------+-------------------------------------------
     0 | D:1      | jtron the Gnoll Wanderer began the quest for the Orb.
     0 | D:1      | jtron set off with the following items: a +0 club, a scroll
                  | of vulnerability, a +0 robe, a +0 cloak; and the following
                  | spells available to memorise: Summon Small Mammal, Call
                  | Imp, Foxfire, Summon Guardian Golem, Stone Arrow.
     0 | D:1      | Reached XP level 1. HP: 13/13 MP: 4/4
     2 | D:1      | Learned a level 1 spell: Summon Small Mammal
   308 | D:1      | Reached XP level 2. HP: 19/19 MP: 3/5
   887 | D:1      | Reached XP level 3. HP: 25/25 MP: 4/7
   890 | D:1      | Learned a level 2 spell: Call Imp
  1087 | D:1      | Found a faded altar of an unknown god.
  1420 | D:2      | Reached skill level 1 in Invocations
  1514 | D:2      | Reached skill level 1 in Fighting
  1514 | D:2      | Reached skill level 1 in Short Blades
  1514 | D:2      | Reached skill level 1 in Long Blades
  1514 | D:2      | Reached skill level 1 in Axes
  1514 | D:2      | Reached skill level 1 in Maces & Flails
  1514 | D:2      | Reached skill level 1 in Polearms
  1514 | D:2      | Reached skill level 1 in Staves
  1514 | D:2      | Reached skill level 1 in Ranged Weapons
  1514 | D:2      | Reached skill level 1 in Armour
  1514 | D:2      | Reached skill level 1 in Dodging
  1514 | D:2      | Reached skill level 1 in Shields
  1514 | D:2      | Reached skill level 1 in Unarmed Combat
  1514 | D:2      | Reached skill level 1 in Evocations
  1853 | D:2      | Found a hide-covered altar of Uskayaw.
  1905 | D:2      | Became a worshipper of Uskayaw the Reveller
  1935 | D:2      | Reached XP level 4. HP: 32/32 MP: 8/8
  1950 | D:2      | Reached * piety under Uskayaw
  2149 | D:3      | Reached ** piety under Uskayaw
  2198 | D:3      | Reached skill level 1 in Hexes
  2198 | D:3      | Reached skill level 1 in Necromancy
  2198 | D:3      | Reached skill level 1 in Translocations
  2198 | D:3      | Reached skill level 1 in Transmutations
  2198 | D:3      | Reached skill level 1 in Fire Magic
  2198 | D:3      | Reached skill level 1 in Ice Magic
  2198 | D:3      | Reached skill level 1 in Air Magic
  2198 | D:3      | Reached skill level 1 in Earth Magic
  2198 | D:3      | Reached skill level 1 in Poison Magic
  2368 | D:3      | Reached *** piety under Uskayaw
  2636 | D:3      | Found an iron altar of Okawaru.
  2890 | D:3      | Found a snail-covered altar of Cheibriados.
  2920 | D:3      | Reached XP level 5. HP: 14/37 MP: 9/9
  3397 | D:3      | HP: 1/57 [poisoned by an orc]
  3398 | D:3      | Succumbed to an orc's poison

Illustrated notes

Levels and vault maps discovered:
D:1:      dpeg_arrival_three_bigger_balls, layout_basic,
          shapermc_ecumenical_altar_flowoftime
D:2:      layout_loops_ring, basic_altar
D:3:      layout_loops_ring, slow_altar_2, mainiacjoe_overflow_surrounded_room,
          minmay_goblin_kobold_house

Skill      XL: |  1  2  3  4 |
---------------+-------------+-----
Invocations    | 1 |  1.9
Fighting       | 1 |  1.6
Short Blades   | 1 |  1.6
Long Blades    | 1 |  1.6
Axes           | 1 |  1.6
Maces & Flails | 1 |  1.6
Polearms       | 1 |  1.6
Staves         | 1 |  1.6
Ranged Weapons | 1 |  1.6
Armour         | 1 |  1.6
Dodging        | 1 |  1.6
Shields        | 1 |  1.6
Unarmed Combat | 1 |  1.6
Evocations     | 1 |  1.6
Spellcasting   | 3 |  3.2
Hexes          | 1 |  1.3
Necromancy     | 1 |  1.3
Translocations | 1 |  1.3
Transmutations | 1 |  1.3
Fire Magic     | 1 |  1.3
Ice Magic      | 1 |  1.3
Air Magic      | 1 |  1.3
Earth Magic    | 1 |  1.3
Poison Magic   | 1 |  1.3
Throwing       | 3 |  3.1
Stealth        | |  2.9
Conjurations   | |  5.6
Summonings     | |  7.2

Action                   |  1- 3 |  4- 6 || total
-------------------------+-------+-------++-------
Melee: Dagger            |    53 |   103 ||   156
       Club              |     2 |       ||     2
       Bite              |     2 |     8 ||    10
 Fire: Sling             |    12 |     9 ||    21
Throw: Boomerang         |       |     1 ||     1
 Cast: Summon Small Mamm |    17 |     1 ||    18
       Call Imp          |     4 |     2 ||     6
Invok: Stomp             |       |     1 ||     1
  Use: Potion            |     1 |     4 ||     5
 Stab: Sleeping          |     2 |     8 ||    10
       Paralysed         |       |     1 ||     1
Armor: Robe              |    24 |    14 ||    38
Dodge: Dodged            |    46 |    61 ||   107
